 Dungeon Crawl Stone Soup version 0.29-a0-468-ge57f7f99b4 (webtiles) character file.

Game seed: 2078421922595433742

10874 holysushi the Martial Artist (level 11, -8/72 HPs)
             Began as an Octopode Transmuter on May 21, 2022.
             Was an Initiate of Gozag.
             Mangled by a cane toad (25 damage)
             ... on level 1 of the Lair of Beasts.
             The game lasted 00:21:19 (15826 turns).

holysushi the Martial Artist (Octopode Transmuter) Turns: 15826, Time: 00:21:19

Health: -8/72      AC:  2    Str: 10    XL:     11   Next: 68%
Magic:  15/17      EV: 29    Int: 16    God:    Gozag
Gold:   2070       SH:  0    Dex: 21    Spells: 8/18 levels left

rFire   . . .      SeeInvis .     - Unarmed
rCold   . . .      Faith    .   (shield currently unavailable)
rNeg    . . .      Spirit   .   (helmet currently unavailable)
rPois   .          Reflect  .   (no amulet)
rElec   .          Harm     .   d - +4 ring of protection
rCorr   .          Rampage  .   e - ring of poison resistance
Will    .....                   A - ring of wizardry
Stlth   ++++......              f - ring of wizardry
HPRegen 0.22/turn               (no ring)
MPRegen 0.15/turn               (no ring)
                                (no ring)
                                (no ring)

@: spider-form (expiring), corroded
A: venomous fangs, almost no armour, (amphibious), 8 rings, tiny, (camouflage
1), (gelatinous body 1), (nimble swimmer 1), (tentacles)
a: End Transformation, Renounce Religion, Potion Petition, Call Merchant, Bribe
Branch


You were on level 1 of the Lair of Beasts.
You worshipped Gozag.
Gozag was most pleased with you.
You were a venomous arachnid creature.
You visited 3 branches of the dungeon, and saw 12 of its levels.

You collected 3540 gold pieces.
You spent 277 gold pieces at shops.
You paid 1193 gold pieces to Gozag.

Inventory:

Missiles
 n - a throwing net
Armour
 y - an orb of guile
Jewellery
 d - a +4 ring of protection (left front leg)
 e - a ring of poison resistance (right front leg)
 f - a ring of wizardry (on tentacle)
 r - a +4 ring of protection
 A - a ring of wizardry (on tentacle)
Wands
 g - a wand of mindburst (14)
 i - a wand of charming (4)
 j - a wand of acid (5)
 u - a wand of digging (3)
 v - a wand of flame (17)
 C - a wand of iceblast (5)
Scrolls
 h - 4 scrolls of teleportation
 l - 3 scrolls of enchant armour
 m - a scroll of amnesia
 p - a scroll of brand weapon
 s - a scroll of poison
Potions
 a - 2 potions of lignification
 b - 3 potions of mutation
 c - a potion of invisibility
 k - 2 potions of flight
 o - 3 potions of curing
 q - 5 potions of heal wounds
 t - 2 potions of might
 w - 3 potions of haste
 x - a potion of attraction
 z - a potion of magic
Miscellaneous
 B - a phantom mirror (inert)


   Skills:
 - Level 6.2 Fighting
 * Level 9.7 Dodging
 - Level 6.0 Stealth
 - Level 11.2 Unarmed Combat
 - Level 4.0 Spellcasting
 + Level 6.1 Transmutations
 - Level 2.0 Ice Magic
 - Level 3.0 Poison Magic
 - Level 3.0 Evocations


You had 8 spell levels left.
You knew the following spells:

 Your Spells              Type           Power      Damage    Failure   Level
a - Beastly Appendage     Tmut           44%        N/A       1%          1
b - Wereblood             Tmut           22%        N/A       2%          2
c - Spider Form           Tmut/Pois      17%        N/A       5%          3
d - Ice Form              Ice/Tmut       16%        N/A       17%         4

Your spell library contained the following spells:

 Spells                   Type           Power      Damage    Failure   Level
 Magic Dart               Conj           12%        1d3       11%         1
 Shock                    Conj/Air       12%        1d3       11%         1
 Searing Ray              Conj           6%         2d4       14%         2
 Gell's Gravitas          Tloc           3%         N/A       24%         3
 Swiftness                Air            3%         N/A       24%         3
 Teleport Other           Tloc           3%         N/A       24%         3
 Airstrike                Air            1%         N/A       54%         4
 Fulminant Prism          Conj/Hex       1%         3d6       54%         4
 Dispersal                Tloc           1%         N/A       100%        6


Dungeon Overview and Level Annotations

Branches:
Dungeon (10/15)            Temple (1/1) D:7            Lair (1/6) D:9
    Orc: D:9-12

Altars:
Cheibriados
Dithmenos
Elyvilon
Fedhas
Gozag
Hepliaklqana
Kikubaaqudgha
Makhleb
Nemelex Xobeh
Okawaru
Qazlal
Ru
Sif Muna
Trog
Uskayaw
Vehumet
Wu Jian
Xom
Yredelemnul
Zin
The Shining One

Shops:
D:5 *   Lair:1 **

Annotations:
D:4 exclusion: downstairs
D:7 1 runed translucent door, Pelinal's ghost, novice VSTm
Lair:1 exclusion: 5 oklob plants


Innate Abilities, Weirdness & Mutations

You are a venomous arachnid creature.
You have poisonous fangs.
You are tiny and dextrous.
Your spellcasting is less reliable in this form.
Your armour is entirely melded.
You are incapable of wielding weapons or throwing items.
You cannot wear most types of armour.
((You are amphibious.))
You can wear up to eight rings at the same time.
((Your skin changes colour to match your surroundings (Stealth+).))
((Your rubbery body absorbs attacks. (AC +1, EV +1)))
((You are camouflaged when in or above water. (Stealth+)))
((You have tentacles for arms and can constrict up to eight enemies at once.))


Message History

You start resting.
Your transformation is almost over.
You warm up again.
HP restored.
You open the door. 5 oklob plants come into view.
The oklob plant spits acid at you. The splash of acid hits you!
The acid corrodes you!
Marking area around 5 oklob plants as unsafe for travelling.
There is an open door here.
You close the door.
Casting: Ice Form (dangerous; 9% risk of failure)
Confirm with . or Enter, or press ? or * to list all spells.
You turn into a venomous arachnid creature.
The cane toad croaks.
Your transformation is almost over.
Unknown command.
The cane toad stings you!
Unknown command.
You barely miss the cane toad. The cane toad misses you.
You hit the cane toad but do no damage.
The cane toad is poisoned.
The cane toad stings you!
You hit the cane toad but do no damage. The cane toad stings you.
You bite the cane toad!
The cane toad looks as sick as possible!
The cane toad is moderately wounded.
The cane toad completely misses you.
You bite the cane toad!
The cane toad is heavily wounded.
The cane toad completely misses you.
You hit the cane toad.
The cane toad looks as sick as possible!
The cane toad is severely wounded.
The cane toad stings you!
* * * LOW HITPOINT WARNING * * *
You completely miss the cane toad.
The cane toad is severely wounded.
The cane toad stings you!!
You die...
Your body crumbles into a pile of gold.

....#
#PPPPPP#.##.##
....# #≈≈≈≈≈≈#....#
#### ....#
#≈....≈#....###....
....#
#......#...##......
....#
.......#...##......
....#
.......+..##.......
....#
.......#...#.......
....#
#......#..#........
..#.#
#≈....≈#..s........
..#.#
#≈≈≈≈≈≈#.#F........
♣.+.#
#PPPPPP#...........
....#
########...........
.#....#
...............
##...##
..#.#..........
#......
...#...........
#.......
...#...........
#....#### #.
#...........


You could see a cane toad (extremely poisoned).

Vanquished Creatures
  A cane toad (Lair:1)
  A kobold demonologist (D:10)
  4 trolls
  A hornet (D:9)
  4 blink frogs (Lair:1)
  Prince Ribbit (D:5)
  15 yaks
  A wyvern (D:8)
  Eustachio (D:5)
  3 steam dragons
  Duvessa (D:7)
  2 water moccasins (Lair:1)
  2 sky beasts
  2 orc warriors
  2 ogres
  3 ice beasts
  3 centaurs
  A phantom (D:6)
  Blork the orc (D:4)
  2 kobold brigands
  2 bullfrogs
  2 gnoll sergeants
  4 necrophages
  2 scorpions (D:5)
  4 wights
  Dowan (D:7)
  9 killer bees
  9 howler monkeys
  2 electric eels (Lair:1)
  4 jellies
  6 orc priests
  A hound (D:4)
  Jessica (D:2)
  A gnoll shaman (D:5)
  16 orc wizards
  Terence (D:2)
  9 iguanas
  25 gnolls
  4 adders
  A white imp (D:5)
  An ufetubus (D:4)
  2 worms (D:3)
  5 dart slugs
  53 orcs
  7 ball pythons
  3 endoplasms
  5 giant cockroaches
  6 goblins
  6 hobgoblins
  15 jackals
  13 kobolds
  4 quokkas
  5 bats
  4 frilled lizards
  12 rats
296 creatures vanquished.

Vanquished Creatures (collateral kills)
  A hydra (Lair:1)
  Menkaure (D:5)
  A gnoll (D:5)
3 creatures vanquished.

Vanquished Creatures (others)
  2 fungi (Lair:1)
  3 plants
5 creatures vanquished.

Grand Total: 304 creatures vanquished

Notes
Turn   | Place    | Note
-------+----------+-------------------------------------------
     0 | D:1      | holysushi the Octopode Transmuter began the quest for the
                  | Orb.
     0 | D:1      | Reached XP level 1. HP: 13/13 MP: 3/3
   295 | D:1      | Reached XP level 2. HP: 16/18 MP: 3/5
   737 | D:1      | Reached skill level 4 in Unarmed Combat
   790 | D:1      | Reached XP level 3. HP: 23/23 MP: 6/6
   822 | D:1      | Found a faded altar of an unknown god.
  1317 | D:2      | Noticed Jessica
  1326 | D:2      | Killed Jessica
  1327 | D:2      | Reached XP level 4. HP: 18/28 MP: 5/7
  1536 | D:2      | Reached skill level 5 in Unarmed Combat
  1583 | D:2      | Found a shimmering blue altar of Sif Muna.
  1607 | D:2      | Noticed Terence
  1615 | D:2      | Killed Terence
  2102 | D:2      | Learned a level 2 spell: Wereblood
  2106 | D:2      | Learned a level 3 spell: Spider Form
  2244 | D:3      | Reached XP level 5. HP: 28/33 MP: 4/8
  2806 | D:3      | Reached skill level 1 in Stealth
  2806 | D:3      | Reached skill level 1 in Poison Magic
  2825 | D:3      | Reached XP level 6. HP: 38/38 MP: 4/9
  2841 | D:3      | Reached skill level 6 in Unarmed Combat
  3708 | D:3      | Reached XP level 7. HP: 43/43 MP: 6/10
  4064 | D:3      | Reached skill level 7 in Unarmed Combat
  4919 | D:4      | Found a sacrificial altar of Ru.
  5774 | D:4      | Noticed Blork the orc
  5791 | D:4      | Killed Blork the orc
  5792 | D:4      | Reached XP level 8. HP: 31/50 MP: 8/11
  6226 | D:5      | Entered Level 5 of the Dungeon
  6523 | D:5      | Found Konesche's Assorted Antiques.
  6529 | D:5      | Bought a scroll of identify for 64 gold pieces
  6529 | D:5      | Bought a murky brown potion for 28 gold pieces
  6618 | D:5      | Noticed Menkaure
  6631 | D:5      | Killed Menkaure
  6632 | D:5      | Reached skill level 8 in Unarmed Combat
  8117 | D:5      | Reached skill level 9 in Unarmed Combat
  8143 | D:5      | Reached XP level 9. HP: 52/58 MP: 8/12
  8441 | D:5      | Noticed Eustachio
  8450 | D:5      | Noticed Prince Ribbit
  8459 | D:5      | Killed Eustachio
  8469 | D:5      | Killed Prince Ribbit
  8470 | D:5      | Reached skill level 5 in Dodging
  8604 | D:5      | Found a blossoming altar of Fedhas.
  8615 | D:5      | Found a glowing silver altar of Zin.
  8989 | D:5      | Learned a level 4 spell: Ice Form
  9441 | D:6      | Reached skill level 5 in Fighting
  9441 | D:6      | Reached skill level 10 in Unarmed Combat
  9477 | D:6      | HP: 2/58 [orc wizard/magic dart (8)]
  9890 | D:6      | Found an ancient bone altar of Kikubaaqudgha.
 10537 | D:7      | Noticed Duvessa
 10537 | D:7      | Noticed Dowan
 10682 | D:7      | Killed Duvessa
 11022 | D:7      | Killed Dowan
 11023 | D:7      | Reached XP level 10. HP: 63/68 MP: 10/13
 11055 | D:7      | Found a staircase to the Ecumenical Temple.
 11074 | Temple   | Entered the Ecumenical Temple
 11094 | Temple   | Became a worshipper of Gozag Ym Sagoz the Greedy
 11373 | D:7      | Found a runed translucent door.
 11764 | D:7      | Reached skill level 11 in Unarmed Combat
 11818 | D:7      | Found a snail-covered altar of Cheibriados.
 12102 | D:7      | Noticed Pelinal's ghost (novice VSTm)
 12509 | D:8      | Reached skill level 1 in Ice Magic
 12799 | D:8      | Found a radiant altar of Vehumet.
 13013 | D:8      | Found a faded altar of an unknown god.
 13013 | D:8      | Found a hide-covered altar of Uskayaw.
 13021 | D:8      | Found a faded altar of an unknown god.
 13023 | D:8      | Found a shadowy altar of Dithmenos.
 13025 | D:8      | Found a bloodstained altar of Trog.
 13499 | D:9      | Found a staircase to the Lair.
 14049 | D:9      | Reached skill level 5 in Stealth
 14065 | D:9      | Reached XP level 11. HP: 55/72 MP: 13/16
 14324 | D:10     | Entered Level 10 of the Dungeon
 14324 | D:10     | Noticed a boulder beetle
 14497 | D:10     | Reached skill level 5 in Transmutations
 14510 | D:10     | Noticed a cyclops
 14787 | Lair:1   | Entered Level 1 of the Lair of Beasts
 14789 | Lair:1   | Identified 2 scrolls of acquirement
 14792 | Lair:1   | Acquired 1167 gold pieces
 14793 | Lair:1   | Acquired 917 gold pieces
 14801 | Lair:1   | Bought a small fluorescent amulet for 185 gold pieces
 14985 | Lair:1   | Reached skill level 1 in Evocations
 15571 | Lair:1   | Noticed a six-headed hydra
 15584 | Lair:1   | Killed a six-headed hydra
 15814 | Lair:1   | Noticed an oklob plant
 15814 | Lair:1   | Noticed an oklob plant
 15814 | Lair:1   | Noticed an oklob plant
 15814 | Lair:1   | Noticed an oklob plant
 15814 | Lair:1   | Noticed an oklob plant
 15826 | Lair:1   | Mangled by a cane toad

Illustrated notes

Levels and vault maps discovered:
D:1:      dpeg_arrival_shrine, layout_basic, dreamdust_ecumenical_altar_grove
D:2:      layout_loops_ring, basic_altar, uniq_terence, uniq_jessica
D:3:      lemuel_castle_with_subvaults [lemuel_castle_interior_carwin_1],
          layout_rooms
D:4:      layout_cave_pools, mainiacjoe_overflow_tiny_flanked,
          uniq_blork_the_orc
D:5:      minmay_evil_eye, layout_gridville,
          mainiacjoe_overflow_large_starburst, serial_shops, shop,
          uniq_menkaure, uniq_eustachio, uniq_prince_ribbit1
D:6:      layout_loops_ring, kiku_gazebo_pond_becter, minmay_joined_circles
D:7:      layout_cave_pools, nicolae_overflow_hidden_temple,
          minmay_temple_entry_wispy, ebering_ghost_reflecting_pool,
          st_stairs_12, minmay_misc_feat_encased, uniq_duvessa
D:8:      layout_basic, mainiacjoe_overflow_surrounded_room,
          chequers_temple_overflow_minitemple, chequers_serial_rivers_micro_c,
          kennysheep_crisscross
D:9:      minmay_general_purpose_star, layout_rooms, lair_entry_dummy
D:10:     layout_rooms, old_standard_altar, serial_shops,
          nicolae_shop_hallway_stairs, minivault_12, uniq_grum
Temple:   chequers_temple_sunken
Lair:1:   dpeg_oklob_gauntlet, layout_layer_cave,
          nicolae_volcano_entry_two_sided, grunt_megastairs_4,
          serial_bayou_shore_a, serial_bayou_shore_b

Skill      XL: |  1  2  3  4  5  6  7  8  9 10 11 |
---------------+----------------------------------+-----
Unarmed Combat | 4 5 6 7 9 10 11 | 11.2
Stealth        | 1 2 5 6 |  6.0
Poison Magic   | 1 2 3 |  3.0
Transmutations | 3 4 6 |  6.1
Fighting       | 2 4 5 6 |  6.2
Dodging        | 3 4 6 7 9 |  9.7
Ice Magic      | 2 |  2.0
Spellcasting   | 3 4 |  4.0
Evocations     | 3 |  3.0

Action                   |  1- 3 |  4- 6 |  7- 9 | 10-12 || total
-------------------------+-------+-------+-------+-------++-------
Melee: Unarmed           |    56 |   151 |   379 |   328 ||   914
       Constrict         |    16 |    18 |     6 |     2 ||    42
       Kick              |    11 |    10 |       |       ||    21
       Tentacles         |    16 |    18 |     5 |     5 ||    44
       Punch             |     3 |     5 |       |     1 ||     9
 Cast: Beastly Appendage |    12 |     5 |       |       ||    17
       Spider Form       |       |    14 |    57 |    34 ||   105
       Wereblood         |       |     1 |       |       ||     1
       Ice Form          |       |       |       |     7 ||     7
Invok: Call Merchant     |       |       |       |     2 ||     2
 Abil: End Transformatio |       |       |     4 |       ||     4
Evoke: Wand              |       |       |     4 |       ||     4
       Phantom mirror    |       |       |       |     1 ||     1
  Use: Scroll            |       |       |    11 |    14 ||    25
       Potion            |       |       |     2 |       ||     2
 Stab: Sleeping          |     5 |     5 |     1 |     5 ||    16
       Distracted        |       |       |     4 |     7 ||    11
Armor: Skin              |     4 |     7 |    36 |    32 ||    79
Dodge: Dodged            |    27 |   114 |   317 |   257 ||   715

Table legend: (Time is in decaauts)
 A = Elapsed time spent in this place.
 B = Non-inter-level travel time spent in this place.
 C = Inter-level travel time spent in this place.
 D = Time resting spent in this place.
 E = Time spent auto-exploring this place.
 F = Levels seen in this place.
 G = Mean time per level.
                   A        B        C        D        E       F      G
               +--------+--------+--------+--------+--------+-----+--------+
         Total |  15687 |  15322 |    365 |   6076 |   6238 |  12 | 1307.2 |
       Dungeon |  14418 |  14089 |    329 |   5877 |   5567 |  10 | 1441.8 |
        Temple |    254 |    218 |     36 |      0 |    194 |   1 |  254.0 |
          Lair |   1014 |   1014 |      0 |    199 |    477 |   1 | 1014.0 |
               +--------+--------+--------+--------+--------+-----+--------+

Top non-repeatable levels by time:
     D:3: 2675 daAuts
     D:5: 2170 daAuts
     D:4: 1972 daAuts
     D:6: 1626 daAuts
     D:9: 1384 daAuts
     D:2: 1318 daAuts
     D:1: 1311 daAuts
     D:8: 1170 daAuts
  Lair:1: 1014 daAuts
     D:7: 728 daAuts
  Temple: 254 daAuts
    D:10: 60 daAuts
